Map: Kairos Junction LE

Players

BratOK (Brat_OK)

  • Race: Terran Terran
  • Spawn Location: 11:00

Has - Winner!

  • Race: Protoss Protoss
  • League: Diamond
  • Spawn Location: 5:00

Event: 2019 WCS Spring

VOD

Have the link to the VOD?

Description

Time

  • Played on: May 17, 2019, 3:14 p.m.
  • Length: 8:33

All games in this series

Show
View Real Time Build Order
Export as new Build Order

BratOK Terran 

Build Orders: Liberator Opening 

Get SALT Encoding   

  12  0:00  SCV  
  13  0:12  SCV  
  14  0:17  Supply Depot  
  14  0:24  SCV  
  15  0:39  SCV, Barracks  
  16  0:43  Refinery  
  16  0:51  SCV  
  17  1:03  SCV  
  18  1:15  SCV  
  19  1:26  Barracks Reactor  
  19  1:27  Orbital Command  
  19  1:43  Command Center  
  19  1:52  Supply Depot  
  19  1:56  SCV  
  20  2:04  Marine x2  
  22  2:11  SCV  
  23  2:19  Factory  
  23  2:22  Marine x2  
  25  2:31  SCV  
  25  2:33  Refinery  
  26  2:39  Marine x2  
  28  2:52  SCV  
  29  3:00  Marine x2  
  29  3:04  Orbital Command  
  31  3:05  Factory Tech Lab  
  31  3:10  Starport  
  31  3:14  SCV  
  31  3:18  Marine x2  
  34  3:26  SCV, Siege Tank  
  37  3:30  Liberator  
  37  3:33  SCV, Supply Depot  
  38  3:39  SCV  
  39  3:45  SCV  
  43  3:51  SCV  
  43  3:52  Marine x2  
  46  3:57  Supply Depot  
  46  4:00  SCV  
  46  4:09  Supply Depot  
  43  4:10  Siege Tank, Marine  
  43  4:11  Marine  
  43  4:16  SCV x2  
  50  4:28  SCV  
  51  4:31  Starport Tech Lab  
  51  4:32  Barracks  
  51  4:36  SCV, Supply Depot  
  51  4:37  Barracks  
  52  4:40  SCV  
  53  4:46  Siege Tank  
  53  4:48  SCV, Marine  
  57  4:53  SCV  
  57  4:56  Refinery  
  58  5:00  Supply Depot  
  58  5:09  SCV x2  
  58  5:11  Supply Depot  
  60  5:14  Raven  
  62  5:21  SCV  
  62  5:27  Engineering Bay  
  60  5:31  Marine  
  60  5:32  Marine x2  
  60  5:34  SCV x2  
  65  5:35  Factory Reactor  
  65  5:38  Supply Depot  
  65  5:39  Marauder  
  65  5:42  Refinery  
  67  5:46  SCV x2  
  69  5:55  Terran Infantry Weapons Level 1  
  69  5:58  SCV x2  
  69  6:01  Marine, Supply Depot x2  
  69  6:02  Marauder  
  74  6:07  Marine x2  
  74  6:10  SCV  
  74  6:11  SCV  
  78  6:19  Medivac x2, Marine  
  78  6:23  SCV  
  78  6:24  Supply Depot  
  84  6:27  Marauder x2, Marine  
  89  6:37  Marine  
  89  6:38  SCV x2, Supply Depot  
  91  6:41  Widow Mine  
  93  6:52  Barracks Tech Lab  
  89  7:03  SCV  
  89  7:04  SCV  
  89  7:13  Starport Reactor, Combat Shield, Factory Tech Lab  
  89  7:15  Marauder x2, SCV, Marine x2  
  95  7:16  SCV  
  95  7:19  Command Center  
  95  7:20  Barracks  
  95  7:21  Barracks  
  97  7:28  SCV  
  96  7:31  SCV  
  96  7:32  Marine  
  96  7:33  Marine  
  96  7:34  Siege Tank  
  96  7:36  Marauder x2  
  106  7:39  Missile Turret  
  106  7:40  SCV  
  107  7:50  Medivac x2, Marine  
  107  7:51  Supply Depot  
  112  7:58  Marauder x2  
  116  8:08  Barracks Tech Lab  
  116  8:09  Barracks Reactor  
  116  8:12  Supply Depot  
  119  8:13  Supply Depot  
  119  8:17  Supply Depot  
Show
View Real Time Build Order
Export as new Build Order

Has Protoss - Winner!

Build Orders: 1 Gate Expand, Blink Stalkers 

Get SALT Encoding   

  12  0:00  Probe  
  13  0:13  Pylon  
  13  0:17  Probe  
  14  0:29  Probe  
  14  0:31  Gateway  
  15  0:37  Probe  
  16  0:43  Assimilator  
  16  0:47  Probe  
  17  0:59  Probe  
  18  1:11  Probe  
  18  1:18  Cybernetics Core  
  19  1:24  Probe  
  20  1:32  Nexus  
  20  1:38  Pylon  
  20  1:41  Probe  
  20  1:44  Adept  
  21  1:56  Probe  
  21  2:00  Warp Gate  
  24  2:02  Assimilator  
  24  2:08  Probe  
  24  2:11  Stalker  
  25  2:21  Probe  
  28  2:33  Probe  
  28  2:40  Gateway  
  28  2:42  Gateway  
  28  2:45  Probe  
  28  2:47  Stalker  
  28  2:51  Probe  
  30  2:57  Probe  
  31  2:59  Probe  
  32  3:07  Probe  
  32  3:09  Probe, Twilight Council  
  34  3:17  Probe  
  35  3:21  Probe  
  35  3:24  Blink  
  35  3:26  Pylon  
  36  3:29  Probe  
  36  3:33  Probe  
  38  3:41  Probe  
  38  3:48  Stalker x3  
  45  3:49  Probe  
  46  3:57  Probe  
  46  4:01  Probe  
  48  4:09  Probe  
  47  4:13  Pylon  
  47  4:16  Gateway  
  47  4:19  Stalker x2  
  47  4:23  Probe  
  52  4:28  Gateway  
  52  4:31  Robotics Facility  
  52  4:35  Probe  
  52  4:36  Assimilator  
  52  4:37  Probe  
  54  4:43  Pylon  
  54  4:53  Pylon  
  54  4:54  Stalker x2  
  58  5:07  Nexus  
  56  5:18  Stalker x2  
  56  5:21  Probe  
  57  5:22  Probe  
  57  5:27  Charge  
  57  5:31  Pylon  
  57  5:33  Probe  
  58  5:40  Observer  
  59  5:43  Probe  
  59  5:47  Sentry  
  62  5:50  Immortal  
  62  5:51  Probe  
  62  5:55  Probe  
  64  6:00  Forge  
  64  6:03  Probe  
  69  6:13  Probe  
  70  6:19  Gateway  
  70  6:20  Gateway  
  70  6:21  Stalker  
  70  6:22  Probe  
  70  6:24  Zealot x2  
  70  6:25  Immortal, Protoss Ground Armor Level 1  
  81  6:40  Probe x3  
  84  6:56  Immortal  
  84  7:06  Zealot x5  
  93  7:12  Probe x3, Pylon  
  93  7:13  Pylon  
  93  7:15  Pylon  
  96  7:30  Zealot x4, Warp Prism  
  96  7:31  Zealot x2  
  96  7:36  Pylon  
  110  7:45  Templar Archives  
  110  7:52  Zealot x4  
  110  7:57  Zealot x2  
  122  8:02  Pylon  
  122  8:10  Pylon  
  122  8:14  Stalker x4  
Tags
 
Add a new tag
Caveats
  • Supply blocks, unpowered buildings, or Contaminate may cause inaccurate times.
  • Supply counts are checked every 10 seconds.